 Dungeon Crawl Stone Soup version 0.30-a0-782-ge64f9170bb (webtiles) character file.

Game seed: 12671749578830199115

206 PLAYERX the Magician (level 5, -3/41 HPs)
             Began as a Gnoll Wanderer on Feb 18, 2023.
             Slain by Sigmund
             ... wielding a +0 scythe
              (9 damage)
             ... on level 4 of the Dungeon.
             The game lasted 00:16:55 (3236 turns).

PLAYERX the Magician (Gnoll Wanderer)               Turns: 3236, Time: 00:16:55

Health: -3/41      AC:  9    Str: 12    XL:     5   Next: 84%
Magic:  12/12      EV: 20    Int: 10    God:
Gold:   214        SH:  0    Dex: 14    Spells: 13/14 levels left

rFire   + . .      SeeInvis .    a - +0 falchion
rCold   x . .      Faith    .    (no shield)
rNeg    . . .      Spirit   .    b - +3 ring mail
rPois   .          Reflect  .    (no helmet)
rElec   .          Harm     .    (no cloak)
rCorr   .          Rampage  .    t - +0 pair of gloves
Will    .....                    (no boots)
Stlth   ++                       (no amulet)
HPRegen 0.26/turn                q - ring of the Hare {EV+10}
MPRegen 0.13/turn                u - ring of fire

@: no status effects
A: fangs 1, strong nose, distributed training
a: no special abilities


You were on level 4 of the Dungeon.
You visited 1 branch of the dungeon, and saw 4 of its levels.

You collected 214 gold pieces.

Inventory:

Hand Weapons
 a - a +0 falchion (weapon)
Armour
 b - a +3 ring mail (worn)
 t - a +0 pair of gloves (worn)
Jewellery
 q - the ring of the Hare (left hand) {EV+10}
   (You found it on level 2 of the Dungeon)

   [ring of evasion]

   EV:        It affects your evasion (+10).
 u - a ring of fire (right hand)
Scrolls
 c - 3 scrolls of teleportation
 d - 5 scrolls of identify {unknown}
 e - a scroll of enchant weapon {unknown}
 h - a scroll of fog {unknown}
 k - 3 scrolls of immolation {unknown}
 o - a scroll of torment {unknown}
 p - 2 scrolls of blinking {unknown}
 r - a scroll of magic mapping {unknown}
Potions
 f - a potion of lignification {unknown}
 g - 3 potions of heal wounds {unknown}
 i - 2 potions of degeneration {unknown}
 j - a potion of curing {unknown}
 l - 3 potions of attraction {unknown}
 m - 3 potions of might {unknown}
 n - a potion of flight {unknown}
 s - a potion of brilliance {unknown}


   Skills:
 + Level 3.1 Fighting
 + Level 1.7 Short Blades
 + Level 4.9 Long Blades
 + Level 1.7 Axes
 + Level 1.7 Maces & Flails
 + Level 1.7 Polearms
 + Level 1.7 Staves
 + Level 1.7 Ranged Weapons
 + Level 1.7 Throwing
 + Level 1.7 Armour
 + Level 1.7 Dodging
 + Level 2.9 Stealth
 + Level 1.7 Shields
 + Level 1.7 Unarmed Combat
 + Level 5.3 Spellcasting
 + Level 1.3 Conjurations
 + Level 1.3 Hexes
 + Level 1.3 Summonings
 + Level 1.3 Necromancy
 + Level 1.3 Translocations
 + Level 4.0 Transmutations
 + Level 1.3 Fire Magic
 + Level 1.3 Ice Magic
 + Level 1.3 Air Magic
 + Level 1.3 Earth Magic
 + Level 1.3 Poison Magic
 + Level 2.0 Invocations
 + Level 4.9 Evocations


You had 13 spell levels left.
You knew the following spells:

 Your Spells              Type           Power      Damage    Failure   Level
a - Beastly Appendage     Tmut           20%        N/A       10%         1

Your spell library contained the following spells:

 Spells                   Type           Power      Damage    Failure   Level
 Ignite Poison            Fire/Tmut/Pois 10%        N/A       50%         3
 Portal Projectile        Hex/Tloc       10%        N/A       63%         3
 Tukima's Dance           Hex            5%         N/A       63%         3
 Petrify                  Tmut/Erth      8%         N/A       85%         4
 Blade Hands              Tmut           5%         N/A       95%         5


Dungeon Overview and Level Annotations

Branches:
Dungeon (4/15)
 Temple: D:4-7

Altars:
Fedhas
Wu Jian

Shops:
D:2 (

Annotations:
D:4 Grinder, Sigmund


Innate Abilities, Weirdness & Mutations

You have very sharp teeth.
Your uncanny sense of smell can sniff out nearby items.
Your experience applies equally to all skills.


Message History

c - 3 scrolls of teleportation (gained 1)
There is a stone staircase leading down here.
Sigmund the Dreaded comes into view.
He is wielding a +0 scythe.
Sigmund shouts!
Sigmund smiles chillingly.
Sigmund casts a spell.
Sigmund flickers and vanishes!
Deactivating autopickup; reactivate with Ctrl-A.
A puff of flame appears from out of thin air!
The puff of flame hits you. You resist.
You see here 8 gold pieces.
You now have 214 gold pieces (gained 8).
No target in view!
No target in view!
No target in view!
Found 2 scrolls of teleportation.
You hear some strange, mumbled words.
A puff of flame appears from out of thin air!
The puff of flame hits you. You resist.
You miss something. You miss something. Something hits you!
You barely miss something. You miss something. Something closely misses you.
You hit something. Your bite misses something. Something hits you!
* * * LOW HITPOINT WARNING * * *
You slash something! Your bite misses something. Something closely misses you.
You miss something. You barely miss something. Something closely misses you.
You barely miss something. Something hits you!
* * * LOW HITPOINT WARNING * * *
You closely miss something. You bite something. You hit something.
Something closely misses you.
You barely miss something. Something hits you but does no damage.
You closely miss something. Something closely misses you.
You slash something! You miss something. Something barely misses you.
You barely miss something. Something barely misses you.
You closely miss something. You miss something. Something hits you!
You die...

..#............####......
..#.................##...
..#........###.........#
..#........# #........#
..#........# #...>....#∆
..#........###........#∆
.......#............#.#∆
<.†.................# # ∆
+#.#............@...#
#.#............{...#
#+##...............#
#.#..............
.......##........#
....... +........# ......
#........# .. #?.......#


There were no monsters in sight!

Vanquished Creatures
  An ogre (D:3)
  A hound (D:4)
  An adder (D:2)
  A white imp (D:4)
  5 dart slugs
  2 orcs (D:3)
  4 endoplasms
  3 giant cockroaches
  3 goblins
  5 hobgoblins
  4 jackals (D:3)
  9 kobolds
  7 quokkas
  5 ball pythons
  6 bats
  2 frilled lizards (D:3)
  9 rats
68 creatures vanquished.

Notes
Turn   | Place    | Note
-------+----------+-------------------------------------------
     0 | D:1      | PLAYERX the Gnoll Wanderer began the quest for the Orb.
     0 | D:1      | PLAYERX set off with the following items: a +0 falchion, a
                  | wand of flame (5), a scroll of teleportation, a +0 robe;
                  | and the following spell memorised: Beastly Appendage; and
                  | the following spells available to memorise: Ignite Poison,
                  | Petrify.
     0 | D:1      | Reached XP level 1. HP: 17/17 MP: 6/6
    81 | D:1      | Reached XP level 2. HP: 20/23 MP: 7/7
   454 | D:1      | Reached skill level 5 in Spellcasting
   454 | D:1      | Reached XP level 3. HP: 27/28 MP: 7/9
   745 | D:2      | Reached skill level 1 in Invocations
   957 | D:2      | Reached skill level 1 in Short Blades
   957 | D:2      | Reached skill level 1 in Axes
   957 | D:2      | Reached skill level 1 in Maces & Flails
   957 | D:2      | Reached skill level 1 in Polearms
   957 | D:2      | Reached skill level 1 in Staves
   957 | D:2      | Reached skill level 1 in Ranged Weapons
   957 | D:2      | Reached skill level 1 in Throwing
   957 | D:2      | Reached skill level 1 in Armour
   957 | D:2      | Reached skill level 1 in Dodging
   957 | D:2      | Reached skill level 1 in Shields
   957 | D:2      | Reached skill level 1 in Unarmed Combat
  1005 | D:2      | Found the ring of the Hare {EV+10}
  1013 | D:2      | Found Qumuecw's Antique Weapon Shoppe.
  1259 | D:2      | Reached XP level 4. HP: 34/34 MP: 11/11
  1804 | D:3      | Found an ornate altar of the Wu Jian Council.
  2039 | D:3      | Reached skill level 1 in Conjurations
  2039 | D:3      | Reached skill level 1 in Hexes
  2039 | D:3      | Reached skill level 1 in Summonings
  2039 | D:3      | Reached skill level 1 in Necromancy
  2039 | D:3      | Reached skill level 1 in Translocations
  2039 | D:3      | Reached skill level 1 in Fire Magic
  2039 | D:3      | Reached skill level 1 in Ice Magic
  2039 | D:3      | Reached skill level 1 in Air Magic
  2039 | D:3      | Reached skill level 1 in Earth Magic
  2039 | D:3      | Reached skill level 1 in Poison Magic
  2072 | D:3      | Found a faded altar of an unknown god.
  2384 | D:3      | Found a blossoming altar of Fedhas.
  2512 | D:4      | Noticed Grinder
  2520 | D:4      | Paralysed by Grinder for 4 turns
  2527 | D:4      | Paralysed by Grinder for 2 turns
  2661 | D:4      | Paralysed by Grinder for 3 turns
  2668 | D:4      | Paralysed by Grinder for 3 turns
  2674 | D:4      | Paralysed by Grinder for 2 turns
  2863 | D:4      | Paralysed by Grinder for 5 turns
  2885 | D:4      | Paralysed by Grinder for 3 turns
  3084 | D:4      | Reached XP level 5. HP: 40/40 MP: 12/12
  3087 | D:4      | Noticed an ogre
  3100 | D:3      | Killed an ogre
  3213 | D:4      | Noticed Sigmund
  3236 | D:4      | Slain by Sigmund

Illustrated notes

Levels and vault maps discovered:
D:1:      dpeg_arrival_houses_and_road, layout_basic
D:2:      layout_loops_corners, serial_shops, nicolae_shop_behind_doors
D:3:      layout_loops_ring, fedhas_altar_2, nicolae_wu_jian_wuxing_cycle,
          shapermc_ecumenical_altar_mp_ritualfount
D:4:      cheibrodos_quashed, layout_basic, dreamdust_princess_bridge,
          uniq_grinder, uniq_sigmund

Skill      XL: |  1  2  3  4  5 |
---------------+----------------+-----
Spellcasting   | 5 |  5.3
Invocations    | 1 2 |  2.0
Short Blades   | 1 |  1.7
Axes           | 1 |  1.7
Maces & Flails | 1 |  1.7
Polearms       | 1 |  1.7
Staves         | 1 |  1.7
Ranged Weapons | 1 |  1.7
Throwing       | 1 |  1.7
Armour         | 1 |  1.7
Dodging        | 1 |  1.7
Shields        | 1 |  1.7
Unarmed Combat | 1 |  1.7
Conjurations   | 1 |  1.3
Hexes          | 1 |  1.3
Summonings     | 1 |  1.3
Necromancy     | 1 |  1.3
Translocations | 1 |  1.3
Fire Magic     | 1 |  1.3
Ice Magic      | 1 |  1.3
Air Magic      | 1 |  1.3
Earth Magic    | 1 |  1.3
Poison Magic   | 1 |  1.3
Fighting       | 3 |  3.1
Transmutations | 4 |  4.0
Long Blades    | |  4.9
Stealth        | |  2.9
Evocations     | |  4.9

Action                     |  1- 3 |  4- 6 || total
---------------------------+-------+-------++-------
  Melee: Falchion          |   102 |   133 ||   235
         Bite              |    10 |    14 ||    24
         Punch             |       |     4 ||     4
         Kick              |       |     3 ||     3
         Headbutt          |       |     3 ||     3
   Cast: Beastly Appendage |       |     1 ||     1
  Evoke: Wand              |       |     5 ||     5
    Use: Scroll            |       |     1 ||     1
   Stab: Sleeping          |     3 |       ||     3
 Armour: Robe              |     1 |       ||     1
         Ring mail         |    21 |    24 ||    45
  Dodge: Dodged            |    56 |   115 ||   171

Table legend: (Time is in decaauts)
 A = Elapsed time spent in this place.
 B = Non-inter-level travel time spent in this place.
 C = Inter-level travel time spent in this place.
 D = Time resting spent in this place.
 E = Time spent auto-exploring this place.
 F = Levels seen in this place.
 G = Mean time per level.
                   A        B        C        D        E       F      G
               +--------+--------+--------+--------+--------+-----+--------+
         Total |   3258 |   3258 |      0 |    433 |   1683 |   4 |  814.5 |
       Dungeon |   3258 |   3258 |      0 |    433 |   1683 |   4 |  814.5 |
               +--------+--------+--------+--------+--------+-----+--------+

Top non-repeatable levels by time:
     D:3: 1081 daAuts
     D:2: 1065 daAuts
     D:1: 728 daAuts
     D:4: 382 daAuts
